 Dungeon Sprint DCSS version 0.26-a0-1191-ge2a0e31ab3 (webtiles) character file.

Game seed: 14085515565764264550

3826 reriks the Impaler (level 10, 0/91 HPs)
             Began as a Merfolk Berserker on Dec 28, 2020.
             Was a High Priest of Trog.
             Slain by a tentacle (15 damage)
             ... attached to a kraken
             ... in the Dungeon (Sprint II: "The Violet Keep of Menkaure").
             The game lasted 00:06:19 (2901 turns).

reriks the Impaler (Merfolk Berserker)              Turns: 2901, Time: 00:06:20

Health: 0/91       AC: 14    Str: 17 (18) XL:     10   Next: 17%
Magic:  9/9        EV: 13    Int:  6      God:    Trog [*****.]
Gold:   735        SH:  0    Dex: 20      Spells: 9/9 levels left

rFire    . . .     SeeInvis +   q - +3 lajatang (flame)
rCold    . . .     Faith    .   (shield currently unavailable)
rNeg     . . .     Spirit   .   e - +0 plate armour of the Peculiar Tusks {Dex+5 SInv}
rPois    .         Reflect  .   (no helmet)
rElec    .         Harm     .   (no cloak)
rCorr    .         Rampage  .   (no gloves)
Will     .....     NoTele   +   (no boots)
Stlth    ..........             (no amulet)
HPRegen  0.25/turn              (no ring)
MPRegen  0.11/turn              (no ring)

@: berserk cooldown, slowed, very slow
A: change form in water, swift swim, stealthy swim, deterioration 1, low mp 1,
weak 1
a: Renounce Religion, Berserk, Trog's Hand, Brothers in Arms


You were in the Dungeon.
You worshipped Trog.
Trog was extremely pleased with you.
You visited 1 branch You collected 1435 gold pieces.
You spent 700 gold pieces at shops.

Inventory:

Hand Weapons
 a - a +1 spear
 q - a +3 lajatang of flaming (weapon)
Armour
 b - a +0 animal skin
 e - the +0 plate armour of the Peculiar Tusks (worn) {Dex+5 SInv}
   (You bought it in a shop in the Dungeon)

   It affects your dexterity (+5).
   It lets you see invisible.
Jewellery
 u - a +4 ring of protection {unknown}
Scrolls
 h - 2 scrolls of blinking
 i - a scroll of fear {unknown}
 l - 2 scrolls of remove curse {unknown}
 m - a scroll of random uselessness {unknown}
 n - a scroll of magic mapping {unknown}
 r - a scroll of fog {unknown}
Potions
 c - 4 potions of curing
 d - 2 potions of heal wounds
 f - 5 potions of magic
 g - a potion of berserk rage
 j - 3 potions of resistance
 k - a potion of attraction
 o - a potion of might
 p - 3 potions of flight
 t - 2 potions of mutation {unknown}
 v - a potion of ambrosia {unknown}


   Skills:
 + Level 12.9 Fighting
 + Level 16.1 Polearms
 + Level 9.2 Armour
 + Level 14.7 Dodging


You had 9 spell levels left.
You didn't know any spells.
Your spell library was empty.

Dungeon Overview and Level Annotations

Branches:
Dungeon (1/1)

Altars:
Cheibriados
Dithmenos
Elyvilon
Fedhas
Gozag
Hepliaklqana
Kikubaaqudgha
Makhleb
Nemelex Xobeh
Okawaru
Qazlal
Ru
Sif Muna
Trog
Uskayaw
Vehumet
Wu Jian
Xom
Yredelemnul
Zin
The Shining One
Beogh
Jiyva
Lugonu

Shops:
D }:[[:[}(!?=!=[[

Annotations:
D exclusion: oklob plant, Roxanne


Innate Abilities, Weirdness & Mutations

You revert to your normal form in water.
You are very nimble and swift while swimming.
You are very stealthy in the water. (Stealth+)
Your body sometimes deteriorates upon taking damage.
Your magical capacity is low. (-10% MP)
You are weak. (Str -2)


Message History

The tentacle is moderately wounded.
The tentacle slaps you! The tentacle slaps you.
The tentacle completely misses you. The tentacle slaps you!!
Your body deteriorates!
You feel weakened.
You slice the tentacle!! You burn the tentacle.
The tentacle is almost dead.
The tentacle barely misses you. The tentacle slaps you!
* * * LOW HITPOINT WARNING * * *
The tentacle slaps you but does no damage.
There is an open door, spattered with blood here.
You feel a strong urge to attack something.
The tentacle closely misses you.
You are no longer berserk.
You are exhausted.
You feel yourself slow down.
You see here 9 stones.
The tentacle slaps you!
* * * LOW HITPOINT WARNING * * *
The tentacle slaps you!
You die...

#○○.▓▓▓▓▓▓▓▓▓▓
#○○.▓§≈≈≈≈≈§§▓▓
#"|▓▓▓▓▓▓▓▓▓▓▓
#))▓.....(..▓▓
#}[▓(..(....▓▓
+.##.#[)▓...[...)▓▓
^..####▓)..(.).)▓▓
#^.##.#▓[.(.[(([▓▓
+..#..#▓((.[..@(▓▓
#..#..#▓.((.[w(.▓▓
###.^##.#▓..(..│.(▓▓
.###...##▓▓▓▓▓▓▓\▓▓▓▓+▓
...≈≈≈≈≈≈≈≈≈≈§§§.──X≈≈▓
...§#'########§###w≈w≈▓
≈.§≈#....._..#§≈§##≈≈≈▓
§≈.≈#...._._.#≈§≈§####▓▓
≈§§≈#..._._._#≈§≈§§##..#


You could see a kraken and 3 tentacles.

Vanquished Creatures
  2 deep trolls (D)
  A merfolk siren (D)
  A yaktaur (D)
  3 polar bears (D)
  A hornet (D)
  4 neqoxecs (D)
  4 water moccasins (D)
  4 necrophages (D)
  A hell rat (D)
  4 worker ants (D)
  2 tentacles (D)
27 creatures vanquished.

Vanquished Creatures (others)
  Menkaure (D)
  A water moccasin (D)
  16 tentacles (D)
18 creatures vanquished.

Grand Total: 45 creatures vanquished

Notes
Turn   | Place    | Note
-------+----------+-------------------------------------------
     0 | D        | reriks the Merfolk Berserker began the quest for the Orb.
     0 | D        | Reached XP level 1. HP: 18/18 MP: 1/1
     1 | D        | Noticed a merfolk siren
     9 | D        | Killed a merfolk siren
    10 | D        | Reached skill level 10 in Polearms
    10 | D        | Reached skill level 5 in Armour
    10 | D        | Reached XP level 2. HP: 18/32 MP: 2/2
    10 | D        | Reached XP level 3. HP: 21/37 MP: 3/3
    10 | D        | Reached XP level 4. HP: 25/44 MP: 4/4
    10 | D        | Reached XP level 5. HP: 28/49 MP: 5/5
    10 | D        | Reached XP level 6. HP: 33/56 MP: 6/6
    92 | D        | Killed Menkaure
   265 | D        | Killed a water moccasin
   296 | D        | Noticed a neqoxec
   296 | D        | Noticed a neqoxec
   296 | D        | Noticed a neqoxec
   296 | D        | Noticed a neqoxec
   297 | D        | Lost intelligence.
   299 | D        | Gained mutation: You are weak. (Str -2) [a neqoxec]
   309 | D        | Killed a neqoxec
   309 | D        | Reached ** piety under Trog
   310 | D        | Reached skill level 11 in Polearms
   310 | D        | Reached XP level 7. HP: 63/63 MP: 7/7
   311 | D        | Gained mutation: Your body sometimes deteriorates upon
                  | taking damage. [a neqoxec]
   315 | D        | Killed a neqoxec
   316 | D        | Reached skill level 10 in Dodging
   325 | D        | Killed a neqoxec
   325 | D        | Gained mutation: Your magical capacity is low. (-10% MP) [a
                  | neqoxec]
   326 | D        | Reached skill level 12 in Polearms
   348 | D        | Killed a neqoxec
   348 | D        | Reached *** piety under Trog
   349 | D        | Reached XP level 8. HP: 39/72 MP: 7/7
   524 | D        | Reached skill level 10 in Fighting
   577 | D        | Reached **** piety under Trog
   583 | D        | Reached skill level 13 in Polearms
   746 | D        | Found Otiyjuaw's Jewellery Emporium.
   746 | D        | Found Eqami's Antique Armour Emporium.
   746 | D        | Found Itamecw's Magic Scroll Shoppe.
   746 | D        | Found Jabiniq's Distillery.
   746 | D        | Found Pubbuanio's Antique Armour Shoppe.
   746 | D        | Found Piotenen's Distillery.
   746 | D        | Found Tuoholel's Jewellery Emporium.
   746 | D        | Found Tadugos's Antique Weapon Shoppe.
   747 | D        | Found Fiteroek's Gadget Emporium.
   747 | D        | Found Cikhapurch's Armour Shoppe.
   747 | D        | Found Ynoqeogu's Book Shoppe.
   749 | D        | Found Onefie's Antique Armour Shoppe.
   749 | D        | Found Petsiv's Antique Armour Emporium.
   749 | D        | Noticed an ice dragon
   749 | D        | Noticed an oklob plant
   764 | D        | Reached ***** piety under Trog
   766 | D        | Found Ocsegi's Gadget Shoppe.
   766 | D        | Found Uqearig's Book Shoppe.
   767 | D        | Noticed an iron elemental
   770 | D        | Noticed a death yak
   965 | D        | Bought a polished plate armour for 700 gold pieces
   975 | D        | Identified the +0 plate armour of the Peculiar Tusks {Dex+5
                  | SInv} (You bought it in a shop in the Dungeon)
  1053 | D        | Noticed an obsidian statue
  1062 | D        | Found an opulent altar of Gozag.
  1069 | D        | Noticed a flying skull
  1069 | D        | Noticed a flying skull
  1069 | D        | Noticed a flying skull
  1069 | D        | Noticed a flying skull
  1070 | D        | Noticed a flying skull
  1077 | D        | Found a blossoming altar of Fedhas.
  1078 | D        | Found a white marble altar of Elyvilon.
  1078 | D        | Found a burning altar of Makhleb.
  1079 | D        | Found a shadowy altar of Dithmenos.
  1079 | D        | Found a corrupted altar of Lugonu.
  1104 | D        | Found a snail-covered altar of Cheibriados.
  1104 | D        | Found an ancient bone altar of Kikubaaqudgha.
  1104 | D        | Found a bloodstained altar of Trog.
  1105 | D        | Noticed a polar bear
  1106 | D        | Noticed a hornet
  1135 | D        | Killed a polar bear
  1294 | D        | Noticed a yaktaur
  1318 | D        | Killed a yaktaur
  1319 | D        | Reached skill level 14 in Polearms
  1319 | D        | Reached XP level 9. HP: 65/81 MP: 8/8
  1527 | D        | Killed a hornet
  1573 | D        | Found a sparkling altar of Nemelex Xobeh.
  1587 | D        | Noticed a polar bear
  1613 | D        | Killed a polar bear
  1671 | D        | Found a hide-covered altar of Uskayaw.
  1671 | D        | Noticed a polar bear
  1703 | D        | Killed a polar bear
  1704 | D        | Reached skill level 15 in Polearms
  1765 | D        | Found a roughly hewn altar of Beogh.
  1765 | D        | Found a viscous altar of Jiyva.
  1765 | D        | Found a shimmering blue altar of Sif Muna.
  1766 | D        | Found a hazy altar of Hepliaklqana.
  1766 | D        | Found a sacrificial altar of Ru.
  1766 | D        | Found a shimmering altar of Xom.
  1767 | D        | Found a stormy altar of Qazlal.
  1767 | D        | Found an ornate altar of the Wu Jian Council.
  1777 | D        | Noticed a kraken
  2323 | D        | Found a glowing golden altar of the Shining One.
  2323 | D        | Found a basalt altar of Yredelemnul.
  2324 | D        | Found a glowing silver altar of Zin.
  2324 | D        | Found a radiant altar of Vehumet.
  2332 | D        | Received a gift from Trog
  2405 | D        | Found an iron altar of Okawaru.
  2416 | D        | Noticed a deep troll
  2416 | D        | Noticed a deep troll
  2427 | D        | Killed a deep troll
  2428 | D        | Reached XP level 10. HP: 53/91 MP: 9/9
  2626 | D        | Killed a deep troll
  2627 | D        | Reached skill level 16 in Polearms
  2862 | D        | Noticed Roxanne
  2901 | D        | Slain by a tentacle

Illustrated notes

Levels and vault maps discovered:
D:        the_violet_keep_of_menkaure [sprint2_stairs_cluster_1,
          sprint2_shoproom, sprint2_temple, sprint2_basic_supplies,
          sprint2_obstacle_3, sprint2_obstacle_6, sprint2_obstacle_1,
          sprint2_obstacle_4, sprint2_obstacle_7, sprint2_timed_cluster_1,
          sprint2_smallroom_cluster_1, sprint2_smallroom_final_cluster_1,
          sprint2_transparent_cluster_1, sprint2_second_timed_cluster_1,
          sprint2_sniper_area_1, sprint2_heavy_combat_area_1,
          sprint2_mutation_trap_area_1, sprint2_forest_area_1,
          sprint2_light_combat_area_1, sprint2_behind_water_1,
          sprint2_near_end_vault_1]

Skill      XL: |  1  2  3  4  5  6  7  8  9 10 |
---------------+-------------------------------+-----
Fighting       | 8 9 11 12 | 12.9
Polearms       | 10 11 12 14 15 16 | 16.1
Armour         | 5 6 7 9 |  9.2
Dodging        | 9 11 13 14 | 14.7

Action                   |  1- 3 |  4- 6 |  7- 9 | 10-12 || total
-------------------------+-------+-------+-------+-------++-------
Melee: Spear             |     6 |    10 |   162 |       ||   178
       Tailslap          |       |       |     7 |     3 ||    10
       Lajatang          |       |       |     7 |    13 ||    20
Invok: Berserk           |     1 |     1 |    10 |     1 ||    13
       Brothers in Arms  |       |       |       |     1 ||     1
  Use: Potion            |       |       |     1 |       ||     1
       Scroll            |       |       |     5 |       ||     5
Armor: Plate armour      |       |       |    40 |     4 ||    44
Dodge: Dodged            |     1 |     3 |    71 |    18 ||    93

Table legend: (Time is in decaauts)
 A = Elapsed time spent in this place.
 B = Non-inter-level travel time spent in this place.
 C = Inter-level travel time spent in this place.
 D = Time resting spent in this place.
 E = Time spent auto-exploring this place.
 F = Levels seen in this place.
 G = Mean time per level.
                   A        B        C        D        E       F      G
               +--------+--------+--------+--------+--------+-----+--------+
         Total |   2866 |   2866 |      0 |   2232 |    106 |   1 | 2866.0 |
       Dungeon |   2866 |   2866 |      0 |   2232 |    106 |   1 | 2866.0 |
               +--------+--------+--------+--------+--------+-----+--------+

Top non-repeatable levels by time:
       D: 2866 daAuts
